 Dungeon Crawl Stone Soup version 0.29.1-1-gd02db6906a (webtiles) character file.

Game seed: 2716279414208995716

7 EvilAshe the Sneak (level 1, 0/10 HPs)
             Began as a Vampire Enchanter on Sept 16, 2022.
             Slain by a quokka (3 damage)
             ... on level 1 of the Dungeon.
             The game lasted 00:01:17 (297 turns).

EvilAshe the Sneak (Vampire Enchanter)               Turns: 297, Time: 00:01:17

Health: 0/10       AC:  2    Str:  7    XL:     1   Next: 91%
Magic:  3/3        EV: 12    Int: 17    God:
Gold:   15         SH:  0    Dex: 14    Spells: 4/4 levels left

rFire   . . .      SeeInvis +   a - +1 dagger
rCold   + + .      Faith    .   (no shield)
rNeg    + + +      Spirit   .   b - +0 robe
rPois   ∞          Reflect  .   (no helmet)
rElec   .          Harm     .   (no cloak)
rCorr   .          Rampage  .   (no gloves)
Will    .....                   (no boots)
Stlth   +++++.....              (no amulet)
HPRegen 0.00/turn               (no ring)
MPRegen 0.08/turn               (no ring)

@: bloodless, inhibited regen
A: bloodless, fangs 3, see invisible, vampiric 1
a: Revivify


You were on level 1 of the Dungeon.
You visited 1 branch of the dungeon, and saw 1 of its levels.

You collected 15 gold pieces.

Inventory:

Hand Weapons
 a - a +1 dagger (weapon)
Armour
 b - a +0 robe (worn)
Scrolls
 d - a scroll of identify {unknown}
Potions
 c - 2 potions of invisibility


   Skills:
 * Level 1.6 Short Blades
 + Level 2.3 Dodging
 + Level 4.6 Stealth
 - Level 2.0 Spellcasting
 + Level 4.5 Hexes


You had 4 spell levels left.
You didn't know any spells.
Your spell library contained the following spells:

 Spells                   Type           Power      Damage    Failure   Level
 Confusing Touch          Hex            17%        N/A       9%          3
 Tukima's Dance           Hex            17%        N/A       9%          3
 Ensorcelled Hibernation  Hex/Ice        18%        N/A       12%         2
 Dazzling Flash           Conj/Hex       18%        N/A       22%         3


Dungeon Overview and Level Annotations

Branches:
Dungeon (1/15)

Altars:


Innate Abilities, Weirdness & Mutations

You do not regenerate when monsters are visible.
You are frail without blood (-20% HP).
You can heal yourself when you bite living creatures.
You are immune to poison.
You have razor-sharp teeth.
You have supernaturally acute eyesight. (SInv)
You are afflicted with vampirism.


Message History

You barely miss the rat.
The rat is heavily wounded.
You hit the rat but do no damage. You bite the rat.
You kill the rat!
No target in view!
You see here a rat corpse.
Unknown command.
Okay, then.
Found 4 stones.
You begin bloodletting.
You continue bloodletting. x5
You become bloodless.
Okay, then.
d - a scroll labelled NECOOGO EGEM You see here 4 stones.
A giant cockroach comes into view.
The helpless giant cockroach fails to defend itself.
You puncture the giant cockroach!
You kill the giant cockroach!
You open the door.
There is an open door here.
A frilled lizard comes into view.
The helpless frilled lizard fails to defend itself.
You bite the frilled lizard, and draw its blood!
You impale the frilled lizard!!
You kill the frilled lizard!
You see here a frilled lizard corpse.
Found a faded altar of an unknown god.
A quokka comes into view.
You closely miss the quokka. The quokka closely misses you.
You miss the quokka. The quokka completely misses you.
You closely miss the quokka. The quokka bites you. The quokka misses you.
You hit the quokka but do no damage. The quokka completely misses you.
You hit the quokka.
The quokka is heavily wounded.
The quokka bites you.
* * * LOW HITPOINT WARNING * * *
You closely miss the quokka.
The quokka is heavily wounded.
The quokka bites you.
You die...

# ####### #. ###....†##
#.##### ###.........
#.....#####...........
..###...................
................#####...
......r@.....#### #...
##.........####.# #...
###.._..####.#.#####...
#######..'...........
#########...#.#.#####...
................# #...
########....#.### #...
#.####.# #### #..# #.#


You could see a quokka.

Vanquished Creatures
  A dart slug (D:1)
  A giant cockroach (D:1)
  A hobgoblin (D:1)
  A bat (D:1)
  A frilled lizard (D:1)
  A rat (D:1)
6 creatures vanquished.

Notes
Turn   | Place    | Note
-------+----------+-------------------------------------------
     0 | D:1      | EvilAshe the Vampire Enchanter began the quest for the Orb.
     0 | D:1      | Reached XP level 1. HP: 13/13 MP: 3/3
   285 | D:1      | Found a faded altar of an unknown god.
   297 | D:1      | Slain by a quokka

Illustrated notes

Levels and vault maps discovered:
D:1:      mrwooster_arrival_statue_2, layout_basic,
          hellmonk_ecumenical_altar_zigzags

Action                   || total
-------------------------++-------
Melee: Dagger            ||    29
       Bite              ||     3
 Abil: Exsanguinate      ||     1
 Stab: Sleeping          ||     3
Armor: Robe              ||     6
Dodge: Dodged            ||    18
